 Dungeon Crawl Stone Soup version 0.16.3-4-gc506b73efe (webtiles) character file.

25187 G0Dl1kE the Covert (level 12, -4/54 HPs)
             Began as a Spriggan Enchanter on Mar 5, 2024.
             Was an Initiate of Gozag.
             Killed from afar by a deep elf mage (20 damage)
             ... with a fireball
             ... on level 12 of the Dungeon on Mar 6, 2024.
             The game lasted 01:45:54 (17686 turns).

G0Dl1kE the Covert (Spriggan Enchanter)            Turns: 17686, Time: 01:45:54

Health: -4/54      AC:  7    Str:  4    XL:     12   Next: 87%
Magic:  8/33       EV: 29    Int: 26    God:    Gozag
Gold:   2094       SH: 11    Dex: 22    Spells: 11 memorised, 2 levels left

rFire  . . .     SeeInvis +     U - +9 dagger (freeze)
rCold  + . .     Clarity  .     B - +2 robe {rC+ rF+}
rNeg   . . .     SustAb   .     y - +3 buckler
rPois  +         Gourm    .     a - +2 hat
rElec  .         Spirit   .     K - +0 cloak
rCorr  .         Warding  .     (gloves unavailable)
rMut   .         Stasis   .     (boots unavailable)
MR     ++...                    Y - amulet of faith
Stlth  +++++++...               G - ring of poison resistance
                                b - ring of Theneudu {+Inv +Fly rF- Int+8}

@: very quick, very resistant to hostile enchantments, extremely stealthy
A: unfitting armour, see invisible, agile 1, herbivore 3, speed 3, frail 1, slow
metabolism 2
a: Potion Petition, Call Merchant, Bribe Branch, Renounce Religion, Evoke
Invisibility, Evoke Flight


You were on level 12 of the Dungeon.
You worshipped Gozag.
Gozag was noncommittal.
You were full.

You visited 2 branches of the dungeon, and saw 14 of its levels.
You also visited: Labyrinth and Bailey.

You collected 3363 gold pieces.
You spent 1119 gold pieces at shops.
You paid 150 gold pieces to Gozag.

Inventory:

Hand weapons
 f - a +3 rapier of speed
 U - a +9 dagger of freezing (weapon)
Armour
 a - a +2 hat (worn)
 y - a +3 buckler (worn)
 B - a +2 robe of resistance (worn)
 K - a +0 cloak (worn)
 V - a +1 robe of magic resistance
Magical staves
 Q - an uncursed staff of power
Jewellery
 b - the ring of Theneudu (left hand) {+Inv +Fly rF- Int+8}
   (You found it on level 10 of the Dungeon)

   [ring of flight]

   It affects your intelligence (+8).
   It makes you vulnerable to fire.
   It lets you turn invisible.
   It lets you fly.
 v - an uncursed ring of protection from magic
 A - a +3 ring of dexterity
 G - a ring of poison resistance (right hand)
 J - an uncursed amulet of the gourmand
 L - an uncursed ring of flight
 M - an uncursed ring of wizardry
 X - an uncursed ring of teleport control
 Y - an amulet of faith (around neck)
Magical devices
 e - a wand of random effects (18)
 s - a wand of paralysis (13)
 z - a wand of disintegration (13)
 D - a wand of frost (20)
 E - a wand of digging (12)
 F - a wand of polymorph (9)
 R - a wand of lightning (4)
 T - a wand of frost (12)
 W - a wand of digging (9)
Scrolls
 k - 3 scrolls of recharging
 m - 3 scrolls of remove curse
 t - 4 scrolls of teleportation
 u - a scroll of magic mapping
 w - a scroll of fear
 C - a scroll of amnesia
 O - 2 scrolls of blinking
Potions
 c - a potion of resistance
 g - 4 potions of curing
 i - a potion of agility
 n - 2 potions of heal wounds
 o - 5 potions of brilliance
 r - 2 potions of haste
 x - a potion of flight
 S - a potion of ambrosia
Books
 p - the Catalogue of Boosting Dislocation
   (You found it in a labyrinth)

   Spells                             Type                      Level
   a - Apportation                    Translocation                1
   b - Shroud of Golubria             Charms/Translocation         2
   c - Recall                         Summoning/Translocation      3
   d - Control Teleport               Charms/Translocation         4
   e - Force Lance                    Conjuration/Translocation    4
   f - Warp Weapon                    Charms/Translocation         5
   g - Gell's Gravitas                Hexes/Translocation          5
   h - Summon Forest                  Summoning/Translocation      5
 q - a book of Unlife

   Spells                             Type                      Level
   a - Recall                         Summoning/Translocation      3
   b - Animate Dead                   Necromancy                   4
   c - Control Undead                 Necromancy                   4
   d - Cigotuvi's Embrace             Necromancy                   5
   e - Death Channel                  Necromancy                   6
   f - Simulacrum                     Ice/Necromancy               6
 N - a book of Frost

   Spells                             Type                      Level
   a - Freeze                         Ice                          1
   b - Throw Frost                    Conjuration/Ice              2
   c - Ozocubu's Armour               Charms/Ice                   3
   d - Throw Icicle                   Conjuration/Ice              4
   e - Summon Ice Beast               Ice/Summoning                4
   f - Condensation Shield            Ice                          4
 P - Khufu's Guide on Sinister Rites
   (You found it in a labyrinth)

   Spells                             Type                      Level
   a - Animate Dead                   Necromancy                   4
   b - Control Undead                 Necromancy                   4
   c - Bolt of Draining               Conjuration/Necromancy       5
   d - Cigotuvi's Embrace             Necromancy                   5
   e - Death Channel                  Necromancy                   6
 Z - a book of Callings

   Spells                             Type                      Level
   a - Summon Small Mammal            Summoning                    1
   b - Call Imp                       Summoning                    2
   c - Call Canine Familiar           Summoning                    3
   d - Summon Guardian Golem          Hexes/Summoning              4
   e - Summon Lightning Spire         Summoning/Air                4
   f - Summon Ice Beast               Ice/Summoning                4
Miscellaneous
 j - a plain deck of changes {Dowsing}
 I - a disc of storms
Comestibles
 d - 4 bread rations
 h - 19 fruits


   Skills:
 - Level 6.0 Fighting
 - Level 5.9 Short Blades
   Level 0.8 Bows
 - Level 10.5 Dodging
 + Level 13.9 Stealth
 - Level 5.7 Shields
 - Level 10.3 Spellcasting
 - Level 6.2 Conjurations
 - Level 5.0 Hexes
 - Level 1.9 Charms
 - Level 6.9 Ice Magic
 + Level 0.0 Evocations


You had 2 spell levels left.
You knew the following spells:

 Your Spells              Type           Power        Failure   Level  Hunger
a - Corona                Hex            #####..      1%          1    None
b - Ensorcelled Hibernat  Hex/Ice        #####.       1%          2    None
c - Sure Blade            Hex/Chrm       ####......   1%          2    None
d - Confuse               Hex            #####...     1%          3    None
e - Dazzling Spray        Conj/Hex       #####...     1%          3    None
f - Freeze                Ice            ####         1%          1    None
g - Enslavement           Hex            #####...     8%          4    None
o - Throw Frost           Conj/Ice       #####.       1%          2    None
p - Throw Icicle          Conj/Ice       #####...     3%          4    None
q - Ozocubu's Armour      Chrm/Ice       #####...     2%          3    None
r - Condensation Shield   Ice            #####.....   2%          4    None


Dungeon Overview and Level Annotations

Branches:
Dungeon (13/15)            Temple (1/1) D:5            Lair (0/8) D:9
    Orc (0/4) D:10
 Vaults: D:13-14

Altars:
Ashenzari
Cheibriados
Dithmenos
Elyvilon
Fedhas
Gozag
Kikubaaqudgha
Makhleb
Nemelex Xobeh
Okawaru
Qazlal
Ru
Sif Muna
Trog
Vehumet
Xom
Yredelemnul
Zin
The Shining One

Shops:
D:4 =:[(   D:8 [[(*[   D:10 }   D:11 }

Portals:
Trove: D:10 (give wand of hasting (9))

Annotations:
D:7 faibistes' ghost, experienced DEWz


Innate Abilities, Weirdness & Mutations

You are tiny and cannot use many weapons and most armour.
You have supernaturally acute eyesight.
You are a herbivore.
You cover ground extremely quickly.
You need consume almost no food.
You are agile. (Dex +2)
You are frail (-10% HP).


Message History

The deep elf mage resists with some effort.
The deep elf mage casts a spell at you.
The fireball explodes!
The fireball engulfs you!
* * * LOW HITPOINT WARNING * * *
Casting: Confuse
Confirm with . or Enter, or press ? or * to list all spells.
Aiming: Confuse
Press: ? - help, Shift-Dir - straight line, f/p - deep elf mage
Aim: a deep elf mage, wielding a dagger (chance 50%)
The deep elf mage resists with some effort.
Casting: Confuse
Confirm with . or Enter, or press ? or * to list all spells.
Aiming: Confuse
Press: ? - help, Shift-Dir - straight line, f/p - deep elf mage
Aim: a deep elf mage, wielding a dagger (chance 50%)
The deep elf mage resists with some effort.
The deep elf mage points at you and mumbles some strange words.
The fireball explodes!
The fireball engulfs you!
You die...
Your body crumbles into a pile of gold.

##.......#..#.)#.....#.#.#....#
.#.#.....#..#..#..#..#.#.#.#..#
##.......#.##........>.###....#
###'######.#.......##'####....#
.......##..#.#...#.#.[...#..#.#
....#####'##.#...#.#.....#....#
.)..#............#.#.....#....#
....#.#####........###'###....#
....#.#####.....@.............#
#####........#..#..#.....#....#
.............e..#..#.....#....#
##...#..###.....#..#.<...#..#.#
.............^................#
..............................#
#...#.......................#.#
#..<#....................#..#.#
....#............#..##...#..#.#


You could see a deep elf mage.

Vanquished Creatures
  Josephine (D:11)
  A minotaur (Lab)
  3 hydras
  A skeletal warrior (D:12)
  An unseen horror (D:12)
  3 hill giants
  3 ugly things (D:11)
  3 cyclopes
  A manticore (D:12)
  An orc knight (Bailey)
  A centaur zombie (D:12)
  Maurice (D:9)
  A centaur skeleton (D:10)
  An elephant (D:9)
  A queen ant (D:10)
  Psyche (D:8)
  A troll (D:10)
  4 wandering mushrooms (D:8)
  A blink frog (D:9)
  A two-headed ogre (D:11)
  A raven (D:9)
  3 slime creatures (D:12)
  2 shadows (D:12)
  17 yaks
  A wyvern (D:11)
  A hippogriff (D:12)
  5 wraiths (D:11)
  Eustachio (D:8)
  13 soldier ants (D:10)
  A steam dragon (D:12)
  2 wargs (D:10)
  2 wolves (D:10)
  A black bear (D:8)
  7 orc warriors
  A sky beast (D:5)
  2 ice beasts
  A necrophage (D:12)
  8 centaurs
  A wasp (D:10)
  4 ogres
  3 crocodiles
  Sigmund (D:2)
  Duvessa (D:8)
  7 giant frogs
  A wyvern zombie (D:9)
  A gnoll sergeant (D:9)
  A water moccasin zombie (D:8)
  A scorpion (D:6)
  9 killer bees
  2 electric eels
  2 oklob saplings (D:8)
  Dowan (D:8)
  5 crimson imps
  3 goliath beetles (D:9)
  A giant frog zombie (D:9)
  6 hounds
  8 orc priests
  7 jellies
  3 giant frog skeletons
  35 worker ants
  3 iguanas
  6 orc wizards
  6 sheep
  Jessica (D:3)
  A giant frog simulacrum (D:10)
  An ogre zombie (D:6)
  2 hound skeletons
  A hound zombie (D:6)
  2 mummies
  3 gnolls
  9 adders
  6 shadow imps
  A white imp (D:10)
  4 worms
  2 ufetubi
  3 adder skeletons
  3 oozes (D:1)
  44 orcs
  14 bats
  6 giant cockroaches
  16 hobgoblins
  17 jackals
  6 quokkas
  3 ball pythons
  5 giant geckos
  A giant gecko skeleton (D:3)
  9 giant newts
  21 goblins
  A jackal skeleton (D:4)
  16 kobolds
  A quokka zombie (D:4)
  16 rats
  A ballistomycete (D:8)
434 creatures vanquished.

Vanquished Creatures (collateral kills)
  A yak (D:12)
  2 orcs (D:12)
3 creatures vanquished.

Vanquished Creatures (others)
  2 yaks (D:12)
  3 killer bees (D:12)
  An orc priest (D:8)
  Robin (D:3)
  A bat (D:10)
  A giant spore (D:8)
9 creatures vanquished.

Grand Total: 446 creatures vanquished

Notes
Turn   | Place    | Note
--------------------------------------------------------------
     0 | D:1      | G0Dl1kE, the Spriggan Enchanter, began the quest for the Orb.
     0 | D:1      | Reached XP level 1. HP: 9/9 MP: 4/4
   425 | D:1      | Reached XP level 2. HP: 10/13 MP: 7/7
   429 | D:1      | Learned a level 2 spell: Ensorcelled Hibernation
   432 | D:1      | Learned a level 2 spell: Sure Blade
  1252 | D:1      | Reached XP level 3. HP: 12/16 MP: 1/9
  1344 | D:1      | Reached skill level 5 in Stealth
  1549 | D:2      | Noticed Sigmund
  2044 | D:2      | Reached XP level 4. HP: 13/21 MP: 12/12
  2275 | D:2      | Learned a level 3 spell: Confuse
  2991 | D:2      | Killed Sigmund
  2991 | D:2      | Reached skill level 6 in Stealth
  2991 | D:2      | Reached XP level 5. HP: 12/24 MP: 11/16
  3020 | D:3      | Noticed Jessica
  3022 | D:3      | Killed Jessica
  3200 | D:3      | Noticed Robin
  3242 | D:3      | Killed Robin
  3703 | D:4      | Found Fomiylo's Antique Weapon Shop.
  3869 | D:4      | Found Framas' Antique Armour Boutique.
  3895 | D:4      | Reached XP level 6. HP: 18/28 MP: 18/18
  4002 | D:4      | Found Karach's Jewellery Emporium.
  4034 | D:4      | Bought a +3 ring of dexterity for 157 gold pieces
  4174 | D:4      | Reached skill level 7 in Stealth
  4226 | D:4      | Found Pragh's Book Shoppe.
  4530 | D:4      | Reached skill level 5 in Hexes
  4552 | D:4      | Reached skill level 5 in Dodging
  4765 | D:5      | Entered Level 5 of the Dungeon
  4850 | D:5      | Reached XP level 7. HP: 32/32 MP: 14/20
  4911 | D:5      | Reached skill level 8 in Stealth
  5003 | D:5      | Found a staircase to the Ecumenical Temple.
  5012 | Temple   | Entered the Ecumenical Temple
  5372 | D:5      | Reached skill level 9 in Stealth
  5686 | D:6      | Reached skill level 10 in Stealth
  5686 | D:6      | Reached XP level 8. HP: 36/36 MP: 14/22
  6363 | Temple   | Became a worshipper of Gozag Ym Sagoz the Greedy
  6629 | D:7      | Reached skill level 11 in Stealth
  6710 | D:7      | Found a flagged portal.
  6735 | Bailey   | Entered a bailey
  6917 | Bailey   | Noticed an orc knight
  6922 | Bailey   | Killed an orc knight
  6922 | Bailey   | Reached skill level 5 in Short Blades
  6922 | Bailey   | Reached skill level 12 in Stealth
  6932 | Bailey   | Reached skill level 13 in Stealth
  7720 | Bailey   | Reached XP level 9. HP: 39/39 MP: 23/23
  7970 | D:7      | Noticed faibistes' ghost (experienced DEWz)
  8798 | D:4      | Bought an uncursed ring of wizardry for 300 gold pieces
  8844 | D:4      | Bought a book of Frost for 490 gold pieces
  8847 | D:4      | Learned a level 2 spell: Throw Frost
  8851 | D:4      | Learned a level 3 spell: Dazzling Spray
  9421 | D:8      | Reached skill level 1 in Conjurations
  9421 | D:8      | Reached skill level 1 in Ice Magic
  9430 | D:8      | Found a blossoming altar of Fedhas.
  9436 | D:8      | Reached skill level 5 in Spellcasting
  9539 | D:8      | Noticed Psyche
  9583 | D:8      | Killed Psyche
  9583 | D:8      | Reached XP level 10. HP: 22/44 MP: 3/27
  9704 | D:8      | Noticed Eustachio
  9745 | D:8      | Found Gusotz's Antique Armour Shop.
  9748 | D:8      | Bought a runed hat for 108 gold pieces
  9791 | D:8      | Killed Eustachio
  9872 | D:8      | Found Khubleij's Assorted Antiques.
  9882 | D:8      | Bought a glowing dagger for 48 gold pieces
  9882 | D:8      | Bought an embroidered robe for 16 gold pieces
  9961 | D:8      | Noticed Duvessa
  9981 | D:8      | Noticed Dowan
 10004 | D:8      | Killed Duvessa
 10034 | D:8      | Learned a level 4 spell: Condensation Shield
 10113 | D:8      | Killed Dowan
 10283 | D:8      | Found Plenaer's Antique Weapon Emporium.
 10291 | D:8      | Found Kaymehi's Antique Armour Shop.
 10293 | D:8      | Found Veff's Antique Armour Shop.
 10509 | D:9      | Noticed Maurice
 10515 | D:9      | Killed Maurice
 10531 | D:9      | Found a staircase to the Lair.
 10531 | D:9      | Noticed an elephant
 10624 | D:9      | Killed an elephant
 10638 | D:9      | Learned a level 4 spell: Throw Icicle
 11139 | D:9      | Found a burning altar of Makhleb.
 11158 | D:9      | Reached skill level 5 in Ice Magic
 11325 | D:10     | Entered Level 10 of the Dungeon
 11626 | D:10     | Learned a level 1 spell: Freeze
 11838 | D:10     | Reached skill level 5 in Conjurations
 11959 | D:10     | Reached XP level 11. HP: 18/47 MP: 23/30
 12143 | D:10     | Found Liploxko's Gadget Shoppe.
 13057 | D:10     | Found a staircase to the Orcish Mines.
 13063 | D:10     | Gained mutation: You are frail (-10% HP). [potion of mutation]
 13063 | D:10     | Gained mutation: Your body is slowly deteriorating. [potion of mutation]
 13063 | D:10     | Gained mutation: You are agile. (Dex +2) [potion of mutation]
 13556 | D:10     | Noticed a hill giant
 13597 | D:10     | Killed a hill giant
 13645 | D:10     | Learned a level 3 spell: Ozocubu's Armour
 13672 | D:10     | Reached skill level 1 in Charms
 13718 | D:10     | Reached skill level 1 in Fighting
 14086 | D:10     | Got a wavering granite ring
 14087 | D:10     | Identified the ring of Theneudu {+Inv +Fly rF- Int+8} (You found it on level 10 of the Dungeon)
 14233 | D:10     | Found a portal to a secret trove of treasure.
 14379 | D:11     | Noticed Josephine
 14407 | D:11     | Killed Josephine
 14416 | D:11     | Reached skill level 5 in Fighting
 14783 | D:11     | Found a labyrinth entrance.
 14789 | Lab      | Entered a labyrinth
 14917 | Lab      | Found an exit through the horrors of the Abyss.
 14989 | Lab      | Noticed a minotaur
 15024 | Lab      | Killed a minotaur
 15056 | Lab      | Identified the Catalogue of Boosting Dislocation
 15065 | Lab      | Identified Khufu's Guide on Sinister Rites
 15142 | D:11     | Noticed a hill giant
 15152 | D:11     | Killed a hill giant
 15152 | D:11     | Reached XP level 12. HP: 54/54 MP: 27/31
 15239 | D:11     | Reached skill level 10 in Dodging
 15351 | D:11     | Found Sewiunk's Gadget Shoppe.
 15404 | D:11     | Noticed a hill giant
 15410 | D:11     | Killed a hill giant
 15870 | D:11     | Noticed an eight-headed hydra
 15888 | D:11     | Killed an eight-headed hydra
 15888 | D:11     | Reached skill level 10 in Spellcasting
 15933 | D:11     | Learned a level 4 spell: Enslavement
 15966 | D:12     | Noticed a seven-headed hydra
 15978 | D:12     | Killed a seven-headed hydra
 15978 | D:12     | Reached skill level 1 in Shields
 16211 | D:12     | Lost mutation: Your body is slowly deteriorating. [potion of mutation]
 16211 | D:12     | Gained mutation: You are very frail (-20% HP). [potion of mutation]
 16211 | D:12     | Lost mutation: You are very frail (-20% HP). [potion of mutation]
 16536 | D:12     | Noticed a seven-headed hydra
 16560 | D:12     | Killed a seven-headed hydra
 16651 | D:12     | Reached skill level 5 in Shields
 17686 | D:12     | Killed from afar by a deep elf mage

Action                   |  1- 3 |  4- 6 |  7- 9 | 10-12 || total
-------------------------+-------+-------+-------+-------++-------
Melee: Dagger            |   187 |   225 |   250 |   806 ||  1468
       Rapier            |       |       |       |     4 ||     4
 Fire: Arbalest          |       |       |    20 |       ||    20
       Shortbow          |       |       |     3 |       ||     3
Throw: Tomahawk          |       |     3 |       |       ||     3
 Cast: Corona            |     2 |       |     1 |       ||     3
       Ensorcelled Hiber |    13 |    14 |    15 |    76 ||   118
       Sure Blade        |     4 |     9 |     5 |    14 ||    32
       Confuse           |       |     6 |    38 |    33 ||    77
       Throw Frost       |       |       |     5 |    49 ||    54
       Throw Icicle      |       |       |       |    25 ||    25
       Condensation Shie |       |       |       |     8 ||     8
       Dazzling Spray    |       |       |       |    25 ||    25
       Ozocubu's Armour  |       |       |       |     9 ||     9
       Enslavement       |       |       |       |    15 ||    15
Evoke: Wand              |       |       |       |     1 ||     1
  Use: Scroll            |     6 |     4 |     7 |    26 ||    43
       Potion            |       |     1 |     3 |    12 ||    16
 Stab: Sleeping          |    17 |    23 |    38 |    60 ||   138
       Confused          |       |     3 |    18 |    12 ||    33
       Invisible         |       |     2 |     1 |     8 ||    11
       Distracted        |       |     1 |       |     6 ||     7
       Petrifying        |       |       |       |     1 ||     1
  Eat: Pizza             |       |     1 |     1 |     2 ||     4
       Bread ration      |       |     1 |     2 |     1 ||     4
       Fruit             |       |       |       |     3 ||     3
